 Dungeon Crawl Stone Soup version 0.26.1-11-gd32895ea62 (webtiles) character file.

Game seed: 5623909274031814650

271256 promet the Warrior (level 20, 0/137 HPs)
             Began as a Gargoyle Berserker on June 30, 2021.
             Was the Champion of Trog.
             Killed from afar by a starcursed mass (6 damage)
             ... with an accursed screaming
             ... on level 3 of the Abyss on July 3, 2021.
             The game lasted 08:25:04 (56984 turns).

promet the Warrior (Gargoyle Berserker)            Turns: 56984, Time: 08:25:04

Health: 0/137      AC: 51    Str: 24    XL:     20   Next: 23%
Magic:  20/20      EV: 12    Int: 18    God:    Trog [******]
Gold:   962        SH:  5    Dex: 14    Spells: 19/19 levels left

rFire    . . .     SeeInvis .   B - +2 eveningstar (vamp)
rCold    . . .     Faith    .   (no shield)
rNeg     + . .     Spirit   .   z - +5 chain mail {Will+} rPois โˆž Reflect +
                                c - +2 helmet
rElec    +         Harm     .   V - +1 cloak {Stlth+}
rCorr    .         Rampage  .   A - +1 pair of gloves
Will     ++...                  K - +2 pair of boots
Stlth    +.........             k - amulet of reflection
HPRegen  0.32/turn              Q - ring "Ysil" {Int+6 Stlth+}
MPRegen  0.17/turn              p - ring of Lady Luck {+Inv AC+4 Dex+3}

@: flying, invisible
A: big wings, thin metallic scales 1, negative energy resistance 1, electricity
resistance, wild magic 1, unbreathing, petrification resistance, miasma
immunity, AC +15
}: 2/15 runes: serpentine, barnacled
a: Stop Flying, Renounce Religion, Evoke Invisibility, Berserk, Trog's Hand,
Brothers in Arms


You were on level 3 of the Abyss.
You worshipped Trog.
Trog was exalted by your worship.
You visited 6 branches of the dungeon, and saw 32 of its levels.
You visited the Abyss 1 time.

You collected 4243 gold pieces.
You spent 3281 gold pieces at shops.

Inventory:

Hand Weapons
 a - the +10 battleaxe of the Onslaught {spect, Int+3 Stlth+}
   (You bought it in a shop on level 8 of the Dungeon)

   It retains the spirit of the tree from which it was made.
   In the hands of one skilled in evocations this spirit is drawn out to fight
   along side the wielder.
   It affects your intelligence (+3).
   It makes you more stealthy.
 b - the +6 arbalest "Damnation" {damnation}
   (You bought it in a shop on level 2 of the Orcish Mines)
 e - a +2 antimagic battleaxe
 m - a +3 shortbow of flaming
 w - a +1 demon trident of flaming
 B - a +2 vampiric eveningstar (weapon)
 C - a +3 vorpal great sword
 D - a +2 great sword of flaming
 F - a +4 vorpal executioner's axe
 H - the +5 scimitar "Umomu" {speed, Str+3}
   (You found it on level 3 of the Shoals)

   Attacks with this weapon are significantly faster.
   It affects your strength (+3).
 M - the +8 whip "Snakebite" {curare, rPois}
   (You found it on level 1 of the Lair of Beasts)

   It poisons the flesh of those it strikes.
   It protects you from poison.
Missiles
 h - 111 arrows
 s - 156 bolts
 P - 19 silver boomerangs (quivered)
 S - 36 silver javelins
 X - 12 atropa-tipped darts
 Y - 47 poisoned darts
Armour
 c - a +2 helmet (worn)
 z - a +5 chain mail of willpower (worn)
 A - a +1 pair of gloves (worn)
 K - a +2 pair of boots (worn)
 V - a +1 cloak of stealth (worn)
Jewellery
 f - a +4 ring of evasion
 i - an uncursed ring of protection from cold
 k - an amulet of reflection (around neck)
 p - the ring of Lady Luck (right hand) {+Inv AC+4 Dex+3}
   (You took it off a frost giant on level 15 of the Dungeon)

   [ring of protection]

   It affects your AC (+4).
   It affects your dexterity (+3).
   It lets you turn invisible.
 x - a +6 ring of dexterity
 y - an uncursed ring of protection from fire
 J - an uncursed ring of see invisible
 Q - the ring "Ysil" (left hand) {Int+6 Stlth+}
   (You found it on level 14 of the Dungeon)

   [ring of intelligence]

   It affects your intelligence (+6).
   It makes you more stealthy.
 T - the amulet "Uleoqula" {rPois rN+ Regen+ Str+2 Dex-2}
   (You found it on level 15 of the Dungeon)

   [amulet of regeneration]

   It affects your strength (+2).
   It affects your dexterity (-2).
   It protects you from poison.
   It protects you from negative energy.
   It increases your rate of regeneration.
 Z - an uncursed amulet of the acrobat
Wands
 n - a wand of iceblast (15)
 G - a wand of acid (14)
 I - a wand of disintegration (6)
 N - a wand of enslavement (18)
Scrolls
 d - 13 scrolls of teleportation
 g - 6 scrolls of fear
 j - 4 scrolls of remove curse
 l - a scroll of blinking
 o - 3 scrolls of silence
 q - 4 scrolls of fog
 r - 4 scrolls of magic mapping
Potions
 u - a potion of curing
 v - 7 potions of ambrosia
 E - a potion of haste
 R - 3 potions of attraction
 U - a potion of invisibility
Miscellaneous
 t - a box of beasts
 O - a tin of tremorstones (2/2)
 W - a phantom mirror


   Skills:
 * Level 18.6 Fighting
 + Level 3.7 Long Blades
 + Level 16.0(16.9) Axes
 + Level 10.8(15.1) Maces & Flails
 + Level 5.4 Bows
 + Level 13.8 Crossbows
 + Level 1.9 Throwing
 + Level 13.4 Armour
 + Level 6.1 Dodging
 + Level 5.9 Stealth
 + Level 3.4 Shields
 + Level 9.8 Evocations


You had 19 spell levels left.
You didn't know any spells.
Your spell library was empty.

Dungeon Overview and Level Annotations

Branches:
Dungeon (15/15)            Temple (0/1) D:6            Lair (6/6) D:9
 Shoals (4/4) Lair:2        Snake (4/4) Lair:4        Slime (0/5) Lair:6
    Orc (2/2) D:11            Elf (0/3) Orc:2        Vaults (1/5) D:13
 Depths (0/5) D:15

Altars:
Cheibriados
Dithmenos
Gozag
Kikubaaqudgha
Nemelex Xobeh
Qazlal
Ru
Trog
Uskayaw
Vehumet
Xom
Beogh
Jiyva

Shops:
D:5 (   D:7 *   D:8 *   D:9 ?   D:14 :   Orc:1 :**   Orc:2 (!([   Shoals:4 *

Annotations:
D:11 1 exclusion
Lair:3 exclusion: 2 oklob plants
Shoals:2 2 transporters, exclusion: orange crystal statue
Orc:1 3 runed translucent doors, hawla's ghost, journeyman DECj


Innate Abilities, Weirdness & Mutations

You are resistant to torment.
Your stone body is resilient. (AC +15)
You are immune to poison.
Your large and strong wings let you fly indefinitely.
You resist negative energy. (rN+)
You are resistant to electric shocks. (rElec)
You can survive without breathing.
You are immune to petrification.
You are immune to miasma.
You are partially covered in thin metallic scales. (AC +2)
Your spells are a little harder to cast, but a little more powerful.


Message History

The starcursed mass shrieks in your mind.
* * * LOW HITPOINT WARNING * * *
You sock the starcursed mass!
You destroy the starcursed mass!
Trog accepts your kill.
Your Axes skill increases to level 16!
You start resting.
A starcursed mass is nearby!
The starcursed mass shrieks in your mind.
* * * LOW HITPOINT WARNING * * *
You start resting.
A smoke demon punctures the fabric of the universe.
The smoke demon roars!
The starcursed mass shrieks in your mind.
* * * LOW HITPOINT WARNING * * *
The starcursed mass shrieks in your mind.
* * * LOW HITPOINT WARNING * * *
You fade into invisibility!
The starcursed mass shrieks in your mind.
You die...

# #..#..#.#.....#
#(..# #X...##..#
#.##.##..#.....#
....#......#.# .
#...#... ..... ##
##.###........ #
###....#..#..## #
# #...###...#
##ยง .
#.@..3.......#
#.....#..#.#.#. .
...##....#.#.#...
# #.# #..##.....
... .. #.##
.#.... # # ..#
....#. ... ...#.
โ‰ˆ..# ## โ‰ˆ


You could see a starcursed mass and a smoke demon.

Vanquished Creatures
  Vashnia (Snake:2)
  Nikola (Shoals:2)
  Rupert (Snake:1)
  A kraken (Shoals:3)
  A shadow dragon (D:15)
  9 nagarajas
  2 frost giants
  2 fire giants (D:15)
  A vault warden (Vaults:1)
  Aizul (Snake:1)
  2 ironheart preservers (Vaults:1)
  A stone giant (D:12)
  A deep elf annihilator (Vaults:1)
  An entropy weaver (Lair:6)
  5 merfolk javelineers
  A crystal guardian (D:15)
  Snorg (Orc:2)
  4 merfolk impalers
  The ghost of Kotami the Carver, a journeyman OpFi of Dithmenos (Lair:2)
  2 great orbs of eyes
  A quicksilver dragon zombie (Abyss:3)
  9 vault guards
  5 ogre magi
  3 yaktaur captains
  3 fire dragons
  12 naga warriors
  An ice dragon (Shoals:3)
  A boulder beetle (D:13)
  13 hydras
  A rakshasa (Vaults:1)
  A catoblepas (D:15)
  A death knight (D:11)
  5 merfolk aquamancers
  2 merfolk avatars
  8 centaur warriors
  2 anacondas
  4 alligator snapping turtles
  Erica (D:9)
  A queen ant (Lair:6)
  8 two-headed ogres
  A tengu warrior (D:12)
  A satyr (Shoals:3)
  A death yak (Lair:6)
  A deep troll earth mage (D:15)
  18 naga sharpshooters
  4 orc high priests (Orc:2)
  8 shock serpents
  3 salamander mystics
  A fire crab (shapeshifter) (D:14)
  4 unseen horrors
  9 sea snakes
  3 wizards
  8 naga ritualists
  A glowing orange brain (D:15)
  26 ugly things
  Pikel (D:6)
  4 ironbrand convokers (Vaults:1)
  7 orc knights
  A necromancer (D:15)
  A wolf spider zombie (D:15)
  21 harpies
  4 wolf spiders
  23 manticores
  5 mana vipers
  3 fauns
  2 orc sorcerers (Orc:1)
  5 oklob plants
  8 deep elf magi
  5 elephants
  15 salamanders
  6 cyclopes
  Maurice (D:9)
  A guardian serpent (Snake:2)
  30 black mambas
  Joseph (D:9)
  A centaur zombie (D:15)
  10 merfolk sirens
  2 vault sentinels (Vaults:1)
  23 naga magi
  A cane toad (shapeshifter) (Vaults:1)
  6 water nymphs
  A torpor snail (Lair:6)
  4 gargoyles
  21 cane toads
  A large abomination (Abyss:3)
  3 yaktaurs
  4 freezing wraiths
  10 komodo dragons
  3 kobold demonologists
  3 rime drakes
  A tengu conjurer (D:14)
  An ancient zyme (Abyss:3)
  7 trolls
  A queen bee (Lair:3)
  6 wind drakes
  2 polar bears
  37 merfolk
  A harpy skeleton (D:15)
  2 hornets (D:15)
  9 slime creatures
  5 tyrant leeches (Lair:6)
  11 blink frogs
  3 raiju (Abyss:3)
  6 snapping turtles
  A snapping turtle (shapeshifter) (D:14)
  A redback (D:12)
  3 shadows
  7 water elementals
  A tarantella (shapeshifter) (Vaults:1)
  9 wyverns
  A centaur simulacrum (D:14)
  A yak (shapeshifter) (D:14)
  5 vampires
  3 wraiths
  50 yaks
  A hog (shapeshifter) (D:15)
  9 basilisks
  A steam dragon (D:10)
  12 vampire mosquitoes
  2 wargs
  59 nagas
  16 water moccasins
  3 acid dragons
  20 soldier ants
  2 ice beasts
  4 black bears
  8 sky beasts
  31 orc warriors
  A black bear (shapeshifter) (D:15)
  A boggart (D:15)
  4 phantoms
  17 ogres
  7 wolves (Lair:3)
  A boggart (shapeshifter) (Vaults:1)
  3 eyes of draining
  11 centaurs
  A small abomination (Abyss:3)
  3 lemures (D:6)
  Blork the orc (D:4)
  4 big kobolds
  25 bullfrogs
  2 gnoll sergeants (D:9)
  2 wyvern zombies
  2 scorpions
  49 killer bees
  7 howler monkeys
  9 wights
  9 electric eels (D:12)
  3 bullfrog zombies
  11 starcursed masses (Abyss:3)
  9 hounds
  21 orc priests
  A bullfrog skeleton (D:9)
  6 centaur skeletons
  11 jellies
  25 orc wizards
  36 worker ants
  2 iguanas
  A killer bee zombie (D:8)
  A hound zombie (D:8)
  A hound skeleton (D:7)
  A howler monkey zombie (D:11)
  8 gnolls
  18 adders
  A river rat (Lair:3)
  A shadow imp (D:6)
  A white imp (D:7)
  An ufetubus (D:9)
  An ooze (D:1)
  An adder zombie (D:6)
  An adder skeleton (D:4)
  5 worms
  4 dart slugs
  4 leopard geckos
  110 orcs
  6 giant cockroaches
  12 goblins
  7 hobgoblins
  8 jackals
  7 quokkas
  3 bats
  5 frilled lizards
  A jackal skeleton (D:4)
  13 kobolds
  A quokka skeleton (D:8)
  6 rats
  A bush (Shoals:3)
  2 butterflies (Vaults:1)
  A plant (D:12)
  A tentacle (Shoals:3)
1307 creatures vanquished.

Vanquished Creatures (collateral kills)
  A frost giant (D:15)
  An orc warlord (Orc:2)
  An entropy weaver (Lair:5)
  A merfolk javelineer (Shoals:4)
  A naga sharpshooter (Snake:2)
  An orc sorcerer (Orc:2)
  2 komodo dragons
  A blink frog (Lair:5)
  A yak (Lair:5)
  A warg (Orc:2)
  A water moccasin (Lair:5)
  4 orc warriors
  A centaur (Shoals:4)
  A bullfrog (Lair:5)
  3 orc priests
  An orc wizard (Orc:1)
  3 orcs
25 creatures vanquished.

Vanquished Creatures (others)
  A black mamba (Snake:2)
  A basilisk (D:15)
  A gnoll (D:10)
  A butterfly (Vaults:1)
  39 fungi
  199 plants
  17 tentacles (Shoals:3)
  2 withered plants (Lair:2)
261 creatures vanquished.

Grand Total: 1593 creatures vanquished

Notes
Turn   | Place    | Note
-------+----------+-------------------------------------------
     0 | D:1      | promet the Gargoyle Berserker began the quest for the Orb.
     0 | D:1      | Reached XP level 1. HP: 14/14 MP: 1/1
   165 | D:1      | Reached XP level 2. HP: 17/19 MP: 2/2
   759 | D:2      | Reached XP level 3. HP: 10/24 MP: 3/3
  1101 | D:2      | You fall into a shaft and drop 2 floors!
  1116 | D:4      | Noticed Blork the orc
  1261 | D:4      | Noticed an ogre
  1277 | D:4      | Killed an ogre
  1278 | D:4      | Reached skill level 4 in Fighting
  1278 | D:4      | Reached XP level 4. HP: 27/30 MP: 4/4
  1278 | D:4      | Reached XP level 5. HP: 30/34 MP: 5/5
  1451 | D:4      | Found a bloodstained altar of Trog.
  1452 | D:4      | Found a sacrificial altar of Ru.
  1453 | D:4      | Found a stormy altar of Qazlal.
  1454 | D:4      | Found a hide-covered altar of Uskayaw.
  1455 | D:4      | Found an ancient bone altar of Kikubaaqudgha.
  1457 | D:4      | Found a radiant altar of Vehumet.
  1693 | D:4      | Noticed an ogre
  1703 | D:4      | Killed an ogre
  1704 | D:4      | Reached XP level 6. HP: 16/39 MP: 6/6
  2748 | D:3      | Reached ** piety under Trog
  2893 | D:3      | Gained mutation: You are partially covered in thin metallic
                  | scales. (AC +2) [potion of mutation]
  2893 | D:3      | Gained mutation: Your spells are a little harder to cast,
                  | but a little more powerful. [potion of mutation]
  3191 | D:3      | Reached skill level 5 in Maces & Flails
  3403 | D:3      | Reached skill level 5 in Fighting
  3683 | D:4      | Killed Blork the orc
  3684 | D:4      | Reached XP level 7. HP: 44/44 MP: 7/7
  4073 | D:4      | Found a shadowy altar of Dithmenos.
  4085 | D:4      | Reached *** piety under Trog
  4086 | D:4      | Reached skill level 1 in Evocations
  4220 | D:5      | Entered Level 5 of the Dungeon
  4245 | D:5      | Reached skill level 1 in Axes
  4245 | D:5      | Reached skill level 1 in Stealth
  4266 | D:5      | Found an opulent altar of Gozag.
  4369 | D:5      | Reached XP level 8. HP: 48/51 MP: 8/8
  4427 | D:5      | Reached skill level 6 in Fighting
  4578 | D:5      | Found a shimmering altar of Xom.
  4579 | D:5      | Found a shimmering altar of Xom.
  4579 | D:5      | Found a shimmering altar of Xom.
  4726 | D:5      | Found Bukkalue's Antique Weapon Shoppe.
  4747 | D:5      | Bought an arbalest for 90 gold pieces
  5014 | D:5      | Found a shimmering altar of Xom.
  5369 | D:6      | Found a staircase to the Ecumenical Temple.
  5394 | D:6      | Reached skill level 1 in Crossbows
  5482 | D:6      | Noticed Pikel
  5497 | D:6      | Killed Pikel
  5498 | D:6      | Reached skill level 7 in Fighting
  5498 | D:6      | Reached skill level 5 in Axes
  5498 | D:6      | Reached XP level 9. HP: 57/57 MP: 9/9
  5862 | D:6      | Found a shimmering altar of Xom.
  6125 | D:7      | Reached **** piety under Trog
  6449 | D:7      | Reached skill level 8 in Fighting
  6630 | D:7      | Found Higiotot's General Store.
  6657 | D:7      | Bought a +0 pair of gloves for 54 gold pieces
  6657 | D:7      | Bought 19 bolts for 45 gold pieces
  6657 | D:7      | Bought a +0 buckler for 54 gold pieces
  6911 | D:8      | Found Ozuetyma's Mayhem Merchandise.
  7053 | D:8      | Noticed a two-headed ogre
  8026 | D:8      | Killed a two-headed ogre
  8027 | D:8      | Reached skill level 9 in Fighting
  8027 | D:8      | Reached XP level 10. HP: 66/66 MP: 10/10
  8104 | D:9      | Noticed Erica
  8113 | D:9      | Noticed a two-headed ogre
  8120 | D:9      | Killed Erica
  8121 | D:9      | Reached skill level 5 in Crossbows
  8139 | D:9      | Killed a two-headed ogre
  8363 | D:9      | Noticed an elephant
  8393 | D:9      | Found a staircase to the Lair.
  8415 | D:9      | Killed an elephant
  8435 | D:9      | Reached skill level 5 in Armour
  8639 | D:9      | Identified the +8 war axe of Spontaneous Combustion
                  | {distort, rElec Dex+4} (You found it on level 9 of the
                  | Dungeon)
  8771 | D:9      | Noticed Maurice
  8785 | D:9      | Killed Maurice
  8843 | D:9      | Noticed a two-headed ogre
  8885 | D:9      | Killed a two-headed ogre
  8886 | D:9      | Reached skill level 10 in Fighting
  8886 | D:9      | Reached XP level 11. HP: 55/72 MP: 11/11
  8990 | D:9      | Found a snail-covered altar of Cheibriados.
  9283 | D:9      | Noticed Joseph
  9296 | D:9      | Killed Joseph
  9370 | D:9      | Found Pimaerem's Magic Scroll Shoppe.
  9381 | D:9      | Bought 3 scrolls of teleportation for 126 gold pieces
  9981 | Lair:1   | Entered Level 1 of the Lair of Beasts
 10112 | Lair:1   | Reached ***** piety under Trog
 11351 | Lair:1   | Found the +8 whip "Snakebite" {curare, rPois}
 11836 | Lair:2   | Noticed a six-headed hydra
 11859 | Lair:2   | Killed a four-headed hydra
 11860 | Lair:2   | Reached skill level 11 in Fighting
 11860 | Lair:2   | Reached XP level 12. HP: 47/80 MP: 12/12
 12266 | Lair:2   | Reached skill level 10 in Axes
 12359 | Lair:2   | Found a staircase to the Shoals.
 12461 | Lair:2   | Found a sparkling altar of Nemelex Xobeh.
 12609 | Lair:2   | Found a runed translucent door.
 12611 | Lair:2   | Noticed Kotami's ghost (journeyman OpFi)
 13252 | Lair:3   | Found a shimmering altar of Xom.
 14057 | Lair:3   | Reached skill level 12 in Fighting
 15067 | Lair:4   | Found a staircase to the Snake Pit.
 15103 | Lair:4   | Reached XP level 13. HP: 87/87 MP: 13/13
 16345 | Lair:5   | Received a gift from Trog
 17044 | Lair:6   | Entered Level 6 of the Lair of Beasts
 17044 | Lair:6   | Found a staircase to the Slime Pits.
 17044 | Lair:6   | Found a viscous altar of Jiyva.
 17292 | Lair:6   | Noticed an entropy weaver
 17612 | Lair:6   | Noticed an entropy weaver
 17757 | Lair:5   | Killed an entropy weaver
 17795 | Lair:5   | Reached skill level 13 in Fighting
 18449 | Lair:6   | Killed an entropy weaver
 19183 | Lair:6   | Gained mutation: Your large and strong wings let you fly
                  | indefinitely. [Gargoyle growth]
 19183 | Lair:6   | Reached XP level 14. HP: 72/95 MP: 14/14
 19627 | Lair:6   | Reached skill level 14 in Fighting
 19943 | Lair:6   | Reached skill level 10 in Armour
 20053 | Lair:6   | Reached skill level 10 in Maces & Flails
 20463 | Lair:6   | Reached skill level 5 in Dodging
 20928 | Lair:6   | Reached ****** piety under Trog
 21237 | Lair:6   | Received a gift from Trog
 21963 | D:10     | Entered Level 10 of the Dungeon
 22077 | D:10     | Reached skill level 1 in Throwing
 24656 | D:11     | Found a roughly hewn altar of Beogh.
 24656 | D:11     | Found a staircase to the Orcish Mines.
 24673 | D:11     | Received a gift from Trog
 24686 | D:11     | Reached skill level 1 in Shields
 25058 | Orc:1    | Entered Level 1 of the Orcish Mines
 25066 | Orc:1    | Paralysed by an orc sorcerer for 2 turns
 25069 | Orc:1    | Reached skill level 15 in Fighting
 25174 | Orc:1    | Found a runed translucent gate.
 25174 | Orc:1    | Found a runed translucent gate.
 25174 | Orc:1    | Found a runed translucent gate.
 25190 | Orc:1    | Reached XP level 15. HP: 103/103 MP: 15/15
 25233 | Orc:1    | Found Teuworya's Assorted Antiques.
 25233 | Orc:1    | Found an opulent altar of Gozag.
 25233 | Orc:1    | Found Nevodgh's Assorted Antiques.
 25236 | Orc:1    | Noticed hawla's ghost (journeyman DECj)
 25594 | Orc:2    | Entered Level 2 of the Orcish Mines
 26221 | Orc:2    | Noticed Snorg
 26256 | Orc:2    | Killed Snorg
 26609 | Orc:2    | Found a roughly hewn altar of Beogh.
 26748 | Orc:2    | Found a staircase to the Elven Halls.
 26827 | Orc:2    | Found a roughly hewn altar of Beogh.
 27709 | Orc:2    | Received a gift from Trog
 27733 | Orc:2    | Reached skill level 5 in Stealth
 27757 | Orc:2    | Noticed an orc warlord
 27771 | Orc:2    | Killed an orc warlord
 27772 | Orc:2    | Reached skill level 10 in Crossbows
 27860 | Orc:2    | Found a roughly hewn altar of Beogh.
 27864 | Orc:2    | Found Duerameo's Distillery.
 27976 | Orc:2    | Found Tuduzy's Antique Weapon Boutique.
 27977 | Orc:2    | Found a roughly hewn altar of Beogh.
 27982 | Orc:2    | Found Meschuda's Antique Armour Shop.
 28182 | Orc:2    | Found a roughly hewn altar of Beogh.
 28261 | Orc:2    | Found a roughly hewn altar of Beogh.
 28282 | Orc:2    | Found Raim's Antique Weapon Boutique.
 28488 | Orc:1    | Found a roughly hewn altar of Beogh.
 28582 | Orc:1    | Found Keudgham's Book Shop.
 28784 | D:8      | Bought the +10 battleaxe of the Onslaught {spect, Int+3
                  | Stlth+} for 1152 gold pieces
 29350 | D:12     | Received a gift from Trog
 31018 | D:12     | Noticed a frost giant
 31676 | D:12     | Killed a frost giant
 33036 | D:13     | Found a gate to the Vaults.
 33112 | D:13     | Reached XP level 16. HP: 98/108 MP: 16/16
 33964 | Lair:2   | Killed Kotami's ghost
 34174 | D:13     | Identified the +5 scale mail "Coucluga" {rPois Dex+4} (You
                  | found it on level 13 of the Dungeon)
 35192 | D:14     | Found Usif's Book Boutique.
 35303 | D:14     | Got a scintillating glass ring
 35310 | D:14     | Identified the ring "Ysil" {Int+6 Stlth+} (You found it on
                  | level 14 of the Dungeon)
 35582 | D:15     | Entered Level 15 of the Dungeon
 36432 | D:15     | Reached skill level 16 in Fighting
 36524 | D:15     | Found a staircase to the Depths.
 36617 | D:15     | Found a sacrificial altar of Ru.
 36617 | D:15     | Found an ancient bone altar of Kikubaaqudgha.
 36635 | D:15     | Found a sparkling altar of Nemelex Xobeh.
 36657 | D:15     | Reached skill level 1 in Long Blades
 36921 | D:15     | Received a gift from Trog
 37188 | D:15     | Noticed a shadow dragon
 37203 | D:15     | Killed a shadow dragon
 37349 | D:15     | Identified the ring of Lady Luck {+Inv AC+4 Dex+3}
 37564 | D:15     | Got a coiled pewter amulet
 37585 | D:15     | Identified the amulet "Uleoqula" {rPois rN+ Regen+ Str+2
                  | Dex-2} (You found it on level 15 of the Dungeon)
 37765 | D:15     | Reached skill level 5 in Evocations
 38106 | D:15     | Reached XP level 17. HP: 116/116 MP: 17/17
 38823 | Shoals:1 | Entered Level 1 of the Shoals
 39246 | Shoals:1 | Received a gift from Trog
 39913 | Shoals:2 | Found a transporter.
 40641 | Shoals:2 | Found a transporter.
 40643 | Shoals:2 | Noticed Nikola
 40663 | Shoals:2 | Killed Nikola
 41608 | Shoals:3 | Got a jewelled scimitar
 41609 | Shoals:3 | Identified the +5 scimitar "Umomu" {speed, Str+3} (You
                  | found it on level 3 of the Shoals)
 41665 | Shoals:3 | Noticed a kraken
 41746 | Shoals:3 | Killed a kraken
 42086 | Orc:2    | Bought the +6 arbalest "Damnation" {damnation} for 1760
                  | gold pieces
 42086 | Orc:2    | Found the +6 arbalest "Damnation" {damnation}
 43057 | Shoals:4 | Entered Level 4 of the Shoals
 43113 | Shoals:4 | Reached skill level 17 in Fighting
 43134 | Shoals:4 | Received a gift from Trog
 43192 | Shoals:4 | Reached XP level 18. HP: 106/123 MP: 18/18
 43295 | Shoals:4 | Identified the ring of Moderation {rC- rN+ Str+7 Dex+2}
 43605 | Shoals:4 | Found Dom Poish's Assorted Antiques.
 44094 | Shoals:4 | Received a gift from Trog
 44235 | Shoals:4 | Got a barnacled rune of Zot
 44990 | Snake:1  | Entered Level 1 of the Snake Pit
 45049 | Snake:1  | Noticed Rupert
 45052 | Snake:1  | Killed Rupert
 45894 | Snake:2  | Noticed Aizul
 45910 | Snake:1  | Killed Aizul
 45911 | Snake:1  | Reached skill level 15 in Axes
 46979 | Snake:2  | Noticed Vashnia
 47783 | Snake:2  | Reached XP level 19. HP: 108/127 MP: 19/19
 48105 | Snake:2  | Killed Vashnia
 49354 | Snake:3  | Received a gift from Trog
 50331 | Snake:4  | Entered Level 4 of the Snake Pit
 52224 | Snake:4  | Reached skill level 1 in Bows
 52709 | Snake:4  | Reached skill level 18 in Fighting
 53162 | Snake:4  | Received a gift from Trog
 54119 | Snake:4  | Got a serpentine rune of Zot
 54742 | Vaults:1 | Entered Level 1 of the Vaults
 55357 | Vaults:1 | Found a huge runed gate.
 55357 | Vaults:1 | Found a huge runed gate.
 55357 | Vaults:1 | Found a huge runed gate.
 55357 | Vaults:1 | Found a huge runed gate.
 55357 | Vaults:1 | Found a huge runed gate.
 55357 | Vaults:1 | Found a huge runed gate.
 55357 | Vaults:1 | Found a huge runed gate.
 55358 | Vaults:1 | Found a huge runed gate.
 55358 | Vaults:1 | Found a huge runed gate.
 55358 | Vaults:1 | Found a huge runed gate.
 55573 | Vaults:1 | Received a gift from Trog
 55723 | Vaults:1 | Reached skill level 5 in Bows
 55949 | Vaults:1 | Reached XP level 20. HP: 125/136 MP: 20/20
 56847 | Vaults:1 | Cast into level 3 of the Abyss (vault warden)
 56939 | Abyss:3  | Paralysed by accursed screaming for 1 turns
 56983 | Abyss:3  | HP: 6/137 [starcursed mass/accursed screaming (6)]
 56984 | Abyss:3  | Killed from afar by a starcursed mass

Illustrated notes

Levels and vault maps discovered:
D:1:      lightli_arrival_chessboard, layout_loops_ring
D:2:      layout_rooms
D:3:      minmay_chambers_of_twos, layout_loops_corners, guppyfry_early_orc_mine
D:4:      layout_basic, grunt_dithmenos_shadows, minitemple, uniq_blork_the_orc
D:5:      wad_pebble_path, layout_cave_pools, xom_redecorated,
          grunt_gozag_statues, serial_shops, shop
D:6:      layout_basic, minmay_temple_entry_enclosed_plants, basic_altar,
          uniq_pikel
D:7:      layout_rooms, serial_shops, nicolae_shop_trees,
          kennysheep_generic_room_6
D:8:      layout_basic, minmay_shop_mayhem
D:9:      layout_basic, cheibriados_altar_1, david_lair_generic, serial_shops,
          shop, chequers_serial_rivers_micro_a, st_stairs_6, uniq_joseph,
          uniq_erica, uniq_maurice
D:10:     layout_loops_corners
D:11:     layout_roguey, david_orc_5
D:12:     evilmike_diamond_2, layout_basic, serial_bayou, serial_bayou_lagoon_a,
          serial_bayou_pond_e, serial_bayou_ford_a, serial_bayou_lake_a,
          serial_bayou_crossing
D:13:     layout_irregular_city, erik_vaults_2
D:14:     layout_loops_ring, serial_shops, shop_statue, serial_park_avenue1,
          minmay_librarian
D:15:     hangedman_slaughterboxes, serial_shops
Lair:1:   minmay_guarded_unrand_snakebite, layout_regular_city,
          grunt_megastairs_1
Lair:2:   layout_roguey, minmay_shoals_entry_beasts, gammafunk_ghost_grave,
          basic_altar, st_stairs_7
Lair:3:   regret_index_harrowing_hell_hive, layout_hall_layers, basic_altar,
          special_room [special_room_bee], beast_lair_carwin_3
Lair:4:   layout_gridlike, dummy_snake_entry, serial_rivers,
          chequers_serial_rivers_small_3, chequers_serial_rivers_room_a,
          chequers_serial_rivers_micro_c, chequers_serial_rivers_small_3,
          chequers_serial_rivers_marsh
Lair:5:   layout_gridlike, infiniplex_staircase_pool_2, grunt_megastairs_5
Lair:6:   minmay_lair_end_frog_pond, layout_cave_pods, slime_altar_1,
          zaba_anthell, minmay_lair_oklob_chamber
Shoals:1: layout_shoals, nicolae_shoals_seven_spires, ldierk_geyser,
          nicolae_shoals_water_elemental_grotto
Shoals:2: gammafunk_sealed_arena, layout_shoals, uniq_nikola
Shoals:3: argonaut_golden_fleece, layout_shoals, st_sunken_huts
Shoals:4: shoals_end_simple, layout_shoals, serial_shops,
          nicolae_shop_behind_doors
Snake:1:  layout_onion_interference, grunt_megastairs_4, uniq_rupert
Snake:2:  layout_chambers, uniq_aizul, uniq_vashnia
Snake:3:  layout_chambers
Snake:4:  snake_pit, layout_grid_shapes, st_stairs_7, serial_bayou_pond_a,
          nrook_loot_triangle
Orc:1:    layout_caves, serial_shops, shop, ebering_ghost_gozag, basic_altar
Orc:2:    grunt_orc_community_town_hall, layout_diamond_mine,
          grunt_orc_community_big_house_2, grunt_orc_community_big_house_1,
          grunt_orc_community_house_2, grunt_orc_community_house_3,
          grunt_orc_community_house_1, grunt_orc_community_house_1,
          grunt_orc_community_house_2, nicolae_orc_lava_tube, uniq_snorg
Vaults:1: vaults_not_door_vault_mu, v_misc_28, v_misc_9, v_misc_14,
          hangedman_vaults_stream, nicolae_vaults_diagonal_hallway_7,
          vaults_room_stairs_pillars, layout_vaults_omnigrid
Abyss:3:  base: D:2, minivault_26, evilmike_abyss_rune_siren_acolytes

Skill      XL: |  1  2  3  4  5  6  7  8  9 10 11 12 13 14 15 16 17 18 19 20 |
---------------+-------------------------------------------------------------+-----
Dodging        | 2 3 4 5 6 |  6.1
Fighting       | 4 5 7 9 10 11 12 13 15 16 17 18 | 18.6
Maces & Flails | 4 5 6 7 9 10 | 10.8
Evocations     | 1 3 5 7 8 9 |  9.8
Axes           | 2 5 6 8 9 10 11 12 13 14 15 16 | 16.0
Stealth        | 1 2 3 4 5 |  5.9
Armour         | 3 4 5 6 8 9 10 11 12 13 | 13.4
Crossbows      | 2 4 6 7 8 9 10 11 12 13 | 13.8
Throwing       | 1 |  1.9
Shields        | 1 2 3 |  3.4
Long Blades    | 2 3 |  3.7
Bows           | 5 |  5.4

Action                   |  1- 3 |  4- 6 |  7- 9 | 10-12 | 13-15 | 16-18 | 19-21 || total
-------------------------+-------+-------+-------+-------+-------+-------+-------++-------
Melee: Mace              |   102 |   155 |       |       |       |       |       ||   257
       Battleaxe         |       |       |   172 |   286 |   440 |   496 |   294 ||  1688
       Whip              |       |       |       |   297 |   972 |    25 |    41 ||  1335
       Falchion          |       |       |       |       |     7 |       |       ||     7
       Great mace        |       |       |       |       |     3 |       |       ||     3
       Arbalest          |       |       |       |       |     1 |       |       ||     1
       Dire flail        |       |       |       |       |    12 |     7 |       ||    19
       Scimitar          |       |       |       |       |       |    27 |    21 ||    48
       Rapier            |       |       |       |       |       |     1 |       ||     1
       Spear             |       |       |       |       |       |     2 |       ||     2
       Executioner's axe |       |       |       |       |       |     3 |     8 ||    11
       Great sword       |       |       |       |       |       |       |    10 ||    10
       Eveningstar       |       |       |       |       |       |       |     9 ||     9
 Fire: Arbalest          |       |       |    29 |   131 |   394 |   469 |    99 ||  1122
       Shortbow          |       |       |     1 |       |       |       |   265 ||   266
Throw: Stone             |       |       |     3 |       |       |       |       ||     3
       Boomerang         |       |       |       |     2 |    24 |       |    21 ||    47
       Dart              |       |       |       |       |     5 |       |       ||     5
Invok: Berserk           |     1 |     3 |     3 |     3 |     4 |     1 |       ||    15
       Trog's Hand       |       |       |     1 |     4 |    12 |     7 |     1 ||    25
       Brothers in Arms  |       |       |       |       |     4 |     2 |       ||     6
 Abil: Fly               |       |       |       |       |     1 |       |       ||     1
       Evoke Invisibilit |       |       |       |       |       |     1 |       ||     1
Evoke: Wand              |       |    19 |     2 |     5 |     7 |    38 |     5 ||    76
       Tin of tremorston |       |       |       |       |     3 |       |       ||     3
       Box of beasts     |       |       |       |       |       |     1 |       ||     1
  Use: Scroll            |     4 |     8 |     7 |     4 |    20 |    18 |     7 ||    68
       Potion            |     1 |     4 |       |     6 |     4 |     7 |     2 ||    24
 Stab: Invisible         |       |       |       |     3 |       |       |       ||     3
       Distracted        |       |       |       |       |     2 |     4 |     5 ||    11
       Sleeping          |       |       |       |       |       |     1 |       ||     1
Armor: Animal skin       |    37 |     7 |       |       |       |       |       ||    44
       Leather armour    |       |    26 |       |       |       |       |       ||    26
       Chain mail        |       |       |   104 |   339 |   515 |   592 |   272 ||  1822
       Plate armour      |       |       |       |       |   320 |    17 |       ||   337
       Scale mail        |       |       |       |       |       |   164 |       ||   164
Dodge: Dodged            |    98 |   125 |   115 |   432 |   698 |   612 |   281 ||  2361
Block: Other             |       |       |       |       |   112 |    45 |     8 ||   165
       Reflection        |       |       |       |       |    15 |     1 |       ||    16
       Tower shield      |       |       |       |       |       |       |    32 ||    32
       Rpst.: Falchion   |       |       |       |       |     2 |       |       ||     2
       Scimitar          |       |       |       |       |       |     4 |     3 ||     7
       Great sword       |       |       |       |       |       |    12 |     1 ||    13
